 Dungeon Crawl Stone Soup version 0.31-a0-219-g8d62b2e7bb (webtiles) character file.

Game seed: 13853161847472836724

75 qw the Shooter (level 4, -1/26 HPs)
             Began as a Gargoyle Hexslinger on July 3, 2023.
             Killed from afar by Ijyb (9 damage)
             ... with a puff of flame
             ... on level 3 of the Dungeon.
             The game lasted 00:00:46 (1757 turns).

qw the Shooter (Gargoyle Hexslinger)                Turns: 1757, Time: 00:00:47

Health: -1/26      AC: 10    Str: 11    XL:     4   Next: 31%
Magic:  5/5        EV: 10    Int: 14    God:
Gold:   110        SH:  0    Dex: 14    Spells: 4/5 levels left

rFire   . . .        Y - +1 sling
rCold   + . .        (no shield)
rNeg    + . .        j - +0 ring mail
rPois   inf          i - +0 helmet
rElec   +            m - +0 cloak
rCorr   .            (no gloves)
SInv    .            (no boots)
Will    .....        (no amulet)
Stlth   +            f - ring of protection from cold
HPRegen 0.24/turn    (no ring)
MPRegen 0.09/turn

%: no passive effects
@: no status effects
A: sickness immunity, AC +3, negative energy resistance 1, electricity
resistance, torment resistance 1, petrification resistance
a: no special abilities


You were on level 3 of the Dungeon.
You visited 1 branch of the dungeon, and saw 3 of its levels.

You collected 110 gold pieces.


Innate Abilities, Weirdness & Mutations

You are immune to sickness and miasma.
Your stone body is resilient. (AC +3)
You are immune to poison.
You resist negative energy. (rN+)
You are resistant to electric shocks. (rElec)
You are resistant to unholy torment.
You are immune to petrification.


   Skills:
 - Level 2.0 Fighting
 + Level 3.9 Ranged Weapons
 - Level 1.0 Armour
 - Level 1.5 Dodging
 - Level 1.0 Spellcasting
 - Level 2.6 Hexes


You had 4 spell levels left.
You knew the following spells:

 Your Spells              Type           Power      Damage    Failure   Level
a - Slow                  Hex            32%        N/A       21%         1

Your spell library contained the following spells:

 Spells                   Type           Power      Damage    Failure   Level
 Inner Flame              Hex/Fire       4%         N/A       71%         3
 Portal Projectile        Hex/Tloc       8%         N/A       71%         3
 Cause Fear               Hex            4%         N/A       90%         4

Inventory:

Hand Weapons
 Y - a +1 sling (weapon)
Armour
 i - a +0 helmet (worn)
 j - a +0 ring mail (worn)
 m - a +0 cloak (worn)
Jewellery
 f - a ring of protection from cold (left hand)
Scrolls
 a - 2 scrolls of teleportation
 c - a scroll of brand weapon {unknown}
 g - a scroll of identify
Potions
 b - a potion of might
 e - a potion of degeneration {unknown}
 h - a potion of curing
 l - 2 potions of heal wounds

Dungeon Overview and Level Annotations

Branches:
Dungeon (3/15)

Altars:

Annotations:
D:3 Ijyb


Message History

Ijyb zaps a wand.
The puff of flame hits you.
You shoot a sling bullet. The sling bullet closely misses Ijyb.
You shoot a sling bullet. The sling bullet barely misses Ijyb.
Ijyb barely misses you.
You shoot a sling bullet.
The sling bullet hits Ijyb but does no damage.
Ijyb is lightly wounded.
Ijyb barely misses you.
You shoot a sling bullet. The sling bullet barely misses Ijyb.
Ijyb misses you. Ijyb hits you but does no damage.
You shoot a sling bullet. The sling bullet hits Ijyb.
Ijyb is moderately wounded.
Ijyb zaps a wand.
The puff of flame misses you.
You shoot a sling bullet. The sling bullet hits Ijyb.
Ijyb is heavily wounded.
Ijyb completely misses you.
You shoot a sling bullet. The sling bullet hits Ijyb.
Ijyb is severely wounded.
Ijyb barely misses you.
Ijyb zaps a wand.
The puff of flame misses you.
You shoot a sling bullet.
The sling bullet hits Ijyb but does no damage.
Ijyb is heavily wounded.
Ijyb hits you with a +0 club.
You shoot a sling bullet.
The sling bullet hits Ijyb but does no damage.
Ijyb is heavily wounded.
Ijyb hits you with a +0 club.
You shoot a sling bullet. The sling bullet hits Ijyb.
Ijyb is severely wounded.
Ijyb zaps a wand.
The puff of flame hits you! Ijyb misses you.
You shoot a sling bullet. The sling bullet hits Ijyb.
Ijyb is almost dead.
Ijyb hits you with a +0 club.
You shoot a sling bullet. The sling bullet barely misses Ijyb.
Ijyb closely misses you.
You shoot a sling bullet. The sling bullet hits Ijyb.
Ijyb is almost dead.
Ijyb screams, "Get away!"
Ijyb hits you with a +0 club.
Ijyb zaps a wand.
The puff of flame hits you!
You die...

##### #...# #####
##...###...###...##
##.....##...##.....##
#.......#...#.......#
#.......'...).......#...
#.......#...#.......#...
##.....##...##.....##...
##...##>...###...###...
#####@....# ##### #..#
......g.....####.####.##
...........#............
...................)....
.....#######..........##
..... #..........## ....
#..........## ....
#...........#
#...........#


You could see Ijyb.

Vanquished Creatures
  An adder (D:3)
  2 worms (D:2)
  A dart slug (D:3)
  An orc (D:3)
  8 ball pythons
  4 endoplasms
  2 giant cockroaches (D:2)
  4 goblins
  4 hobgoblins
  4 jackals (D:1)
  3 quokkas
  5 bats (D:1)
  5 frilled lizards
  3 kobolds (D:2)
  6 rats
53 creatures vanquished.

Notes
Turn   | Place    | Note
-------+----------+-------------------------------------------
     0 | D:1      | qw the Gargoyle Hexslinger began the quest for the Orb.
     0 | D:1      | Reached XP level 1. HP: 12/12 MP: 2/2
     0 | D:1      | 0 ||| qw: Version: 0.3-a-40-ge99b1a8
     0 | D:1      | 0 ||| qw: Game counter: 438
     0 | D:1      | 0 ||| qw: Melee chars always use a shield: true
     0 | D:1      | 0 ||| qw: God list: Okawaru
     0 | D:1      | 0 ||| qw: Allow faded altars: false
     0 | D:1      | 0 ||| qw: Do Orc after clearing Dungeon:15 true
     0 | D:1      | 0 ||| qw: Do second Lair branch before Depths: true
     0 | D:1      | 0 ||| qw: Lair rune preference: random
     0 | D:1      | 0 ||| qw: Goals: Normal
     0 | D:1      | 0 ||| PLANNING D:1-11
    26 | D:1      | Reached XP level 2. HP: 8/16 MP: 3/3
    34 | D:1      | HP: 3/16 [frilled lizard (3)]
    35 | D:1      | HP: 1/16 [frilled lizard (2)]
   209 | D:1      | Reached skill level 3 in Ranged Weapons
   399 | D:1      | Found a faded altar of an unknown god.
   402 | D:1      | Reached XP level 3. HP: 21/21 MP: 4/4
   911 | D:1      | 911 ||| UPGRADING to +0 leather armour.
   921 | D:1      | 921 ||| DROPPING +0 robe.
   922 | D:1      | 922 ||| UPGRADING to +0 helmet.
   927 | D:1      | 927 ||| UPGRADING to +0 ring mail.
   937 | D:1      | 937 ||| DROPPING +0 leather armour.
   938 | D:1      | 938 ||| READING scroll labelled QEVEIHADWITA.
   939 | D:1      | 939 ||| READING 2 scrolls labelled YLULABEBIN.
   940 | D:1      | 940 ||| READING scroll labelled ERYOLU ACEHEN.
   943 | D:1      | 943 ||| READING scroll labelled SUORPH LETZIAHU.
   944 | D:1      | 944 ||| DRINKING 2 white potions.
   945 | D:1      | 945 ||| DROPPING scroll of poison.
  1080 | D:2      | Reached skill level 1 in Armour
  1359 | D:2      | Reached XP level 4. HP: 26/26 MP: 5/5
  1569 | D:2      | 1569 ||| UPGRADING to +0 cloak.
  1574 | D:2      | 1574 ||| UPGRADING to ring of protection from cold.
  1575 | D:2      | 1575 ||| READING scroll labelled OSUYRA DUHO.
  1576 | D:2      | 1576 ||| READING scroll labelled JIRERA LICUYGA.
  1577 | D:2      | 1577 ||| READING scroll labelled XUWKAR IJAT.
  1578 | D:2      | 1578 ||| READING scroll labelled PADAOB ORHORAE.
  1579 | D:2      | 1579 ||| DRINKING 2 cyan potions.
  1580 | D:2      | 1580 ||| READING 2 scrolls of identify.
  1580 | D:2      | 1580 ||| IDENTIFYING silvery potion
  1740 | D:3      | Noticed Ijyb
  1757 | D:3      | Killed from afar by Ijyb

Levels and vault maps discovered:
D:1:      dpeg_arrival_ratfight, layout_basic,
          hellmonk_ecumenical_altar_dog_temple
D:2:      layout_loops_ring
D:3:      kennysheep_six_static_rooms, layout_rooms, uniq_ijyb

Skill      XL: |  1  2  3 |
---------------+----------+-----
Ranged Weapons | 3 |  3.9
Fighting       | 2 |  2.0
Armour         | 1 |  1.0
Dodging        | |  1.5
Spellcasting   | |  1.0
Hexes          | |  2.6

Action                     |  1- 3 |  4- 6 || total
---------------------------+-------+-------++-------
   Fire: Sling             |   139 |    46 ||   185
    Use: Scroll            |     4 |     5 ||     9
         Potion            |     1 |     1 ||     2
 Armour: Robe              |    30 |       ||    30
         Ring mail         |     4 |     9 ||    13
  Dodge: Dodged            |    59 |    20 ||    79

Table legend:
 A = Non-vault XP
 B = Vault XP
 C = Vault XP percentage of total XP
 D = Non-vault monster count
 E = Vault monster count
 F = Vault count percentage of total count
                 A         B        C        D         E       F
            +---------+---------+-------+---------+---------+-------
      Total |      79 |      29 |  26.9 |      42 |      11 |  20.8
            +---------+---------+-------+---------+---------+-------
        D:1 |      30 |      13 |  30.2 |      19 |       9 |  32.1
        D:2 |      39 |       0 |   0.0 |      19 |       0 |   0.0
        D:3 |      10 |      16 |  61.5 |       4 |       2 |  33.3
            +---------+---------+-------+---------+---------+-------
